 Dungeon Crawl Stone Soup version 0.21-a0-349-g0c35859 (webtiles) character file.

14 Dfrag the Firebug (level 2, 9/19 HPs)
             Began as a Demonspawn Fire Elementalist on Oct 9, 2017.
             Quit the game on level 1 of the Dungeon.
             The game lasted 00:00:32 (331 turns).

Dfrag the Firebug (Demonspawn Fire Elementalist)     Turns: 331, Time: 00:00:32

Health: 9/19       AC:  2    Str:  8    XL:     2   Next: 27%
Magic:  0/5        EV: 12    Int: 16    God:
Gold:   6          SH:  0    Dex: 13    Spells: 4/5 levels left

rFire    . . .     SeeInvis .   (no weapon)
rCold    . . .     Gourm    .   (no shield)
rNeg     . . .     Faith    .   a - +0 robe
rPois    .         Spirit   .   (no helmet)
rElec    .         Reflect  .   (no cloak)
rCorr    .         Harm     .   (no gloves)
MR       .....                  (no boots)
Stlth    ++........             (no amulet)
HPRegen  0.06/turn              (no ring)
MPRegen  0.09/turn              (no ring)

@: no status effects
A: powered by pain 1
a: no special abilities


You were on level 1 of the Dungeon.
You were not hungry.

You visited 1 branch of the dungeon, and saw 1 of its levels.

You collected 6 gold pieces.

Inventory:

Armour
 a - a +0 robe (worn)
Scrolls
 e - a scroll of amnesia {unknown}
 f - a scroll of remove curse {unknown}
 g - a scroll of enchant weapon {unknown}
Potions
 d - 2 potions of curing {unknown}
Books
 b - a book of Flames

   Spells                             Type                      Level
   a - Flame Tongue                   Conjuration/Fire             1
   b - Throw Flame                    Conjuration/Fire             2
   c - Conjure Flame                  Conjuration/Fire             3
   d - Inner Flame                    Hexes/Fire                   3
   e - Sticky Flame                   Conjuration/Fire             4
   f - Fireball                       Conjuration/Fire             5
Comestibles
 c - 5 bread rations


   Skills:
 - Level 1.7 Dodging
 - Level 1.7 Stealth
 + Level 2.3 Spellcasting
 + Level 1.5 Conjurations
 + Level 2.9 Fire Magic


You had 4 spell levels left.
You knew the following spells:

 Your Spells              Type           Power        Failure   Level  Hunger
a - Flame Tongue          Conj/Fire      #....        8%          1    #......


Dungeon Overview and Level Annotations

Branches:
Dungeon (1/15)

Altars:


Innate Abilities, Weirdness & Mutations

You sometimes gain a little power by taking damage.


Message History

The jackal barely misses you. The jackal bites you.
You see here a jackal corpse.
You barely miss the jackal. The jackal closely misses you.
You closely miss the jackal. The jackal bites you.
You hit the jackal but do no damage.
The jackal bites you but does no damage.
The jackal bites you.
You closely miss the jackal. The jackal bites you.
You hit the jackal.
The jackal is heavily wounded.
The jackal misses you. The jackal bites you.
Casting: Flame Tongue
Confirm with . or Enter, or press ? or * to list all spells.
Aiming: Flame Tongue
Press: ? - help, Shift-Dir - straight line, f - jackal
Aim: a jackal (heavily wounded)
The flame tongue hits the jackal.
You kill the jackal!
Unknown command.
Are you sure you want to abandon this character and quit the game? (Confirm with "yes".)

#......)........
#........####...
#........# #...
#.######## #... #.# #...
#.# #... # #.# #...
##.##.###.###########...
.......@................
......###.######........
##.## #.# ###..# #.#
#... ..# ##.# #.# #
♣♣♣♣♣.# #.# #...♣♣....♣.
... .........P♣# ###
....♣.♣.P.♣#


There were no monsters in sight!

Vanquished Creatures
  A giant cockroach (D:1)
  2 goblins (D:1)
  2 hobgoblins (D:1)
  3 jackals (D:1)
  4 rats (D:1)
12 creatures vanquished.

Notes
Turn   | Place    | Note
-------+----------+-------------------------------------------
     0 | D:1      | Dfrag the Demonspawn Fire Elementalist began the quest for the Orb.
     0 | D:1      | Reached XP level 1. HP: 13/13 MP: 3/3
   304 | D:1      | Gained mutation: You sometimes gain a little power by taking damage. [demonic ancestry]
   304 | D:1      | Reached XP level 2. HP: 19/19 MP: 3/5
   331 | D:1      | Quit the game

Vault maps used:
D:1:      minmay_arrival_three_doors, serial_forest,
          infiniplex_forest_straight_4, infiniplex_forest_zigzag_2,
          infiniplex_forest_straight_3, infiniplex_forest_lined_1,
          infiniplex_forest_lined_2, infiniplex_forest_lined_3,
          infiniplex_forest_end_1, infiniplex_forest_diagonal,
          infiniplex_forest_lined_1

Action                   || total
-------------------------++-------
Melee: Unarmed           ||    13
 Cast: Flame Tongue      ||    14
Armor: Robe              ||     1
Dodge: Dodged            ||    16

Table legend:
 A = Spawn XP
 B = Non-spawn XP
 C = Spawn XP percentage of total XP
 D = Spawn monster count
 E = Non-spawn monster count
 F = Spawn count percentage of total count
 G = Total turns spent on level
                    A         B        C        D         E        F      G
               +---------+---------+-------+---------+---------+-------+---------
         Total |       0 |      20 |   0.0 |       0 |      12 |   0.0 |   331
               +---------+---------+-------+---------+---------+-------+---------
           D:1 |       0 |      20 |   0.0 |       0 |      12 |   0.0 |   331
               +---------+---------+-------+---------+---------+-------+---------
